 Dungeon Crawl Stone Soup version 0.30-a0-591-g3c58d2bc28 (webtiles) character file.

Game seed: 14005743812196183190

11 testman the Conjurer (level 2, 0/17 HPs)
             Began as a Tengu Reaver on Jan 4, 2023.
             Was a Follower of Sif Muna.
             Slain by a hobgoblin (3 damage)
             ... on level 1 of the Dungeon.
             The game lasted 00:01:34 (176 turns).

testman the Conjurer (Tengu Reaver)                  Turns: 176, Time: 00:01:34

Health: 0/17       AC:  3    Str: 12    XL:     2   Next: 25%
Magic:  6/6        EV: 11    Int: 13    God:    Sif Muna [*.....]
Gold:   30         SH:  0    Dex: 12    Spells: 4/5 levels left

rFire   . . .      SeeInvis .    a - +0 falchion
rCold   . . .      Faith    .    (no shield)
rNeg    . . .      Spirit   .    b - +0 leather armour
rPois   .          Reflect  .    (helmet restricted)
rElec   .          Harm     .    (no cloak)
rCorr   .          Rampage  .    (no gloves)
Will    .....                    (boots unavailable)
Stlth   +                        (no amulet)
HPRegen 0.22/turn                (no ring)
MPRegen 0.10/turn                (no ring)

@: no status effects
A: beak, talons 3
a: Renounce Religion, Channel Magic


You were on level 1 of the Dungeon.
You worshipped Sif Muna.
Sif Muna was aware of your devotion.
You visited 1 branch of the dungeon, and saw 1 of its levels.

You collected 30 gold pieces.

Inventory:

Hand Weapons
 a - a +0 falchion (weapon)
Armour
 b - a +0 leather armour (worn)
Scrolls
 c - a scroll of fear {unknown}
 d - a scroll of summoning {unknown}
 e - a scroll of identify {unknown}


   Skills:
 + Level 2.2 Fighting
 + Level 3.4 Long Blades
 - Level 2.1 Dodging
 + Level 2.2 Spellcasting
 + Level 4.2 Conjurations
 + Level 0.0 Invocations


You had 4 spell levels left.
You knew the following spells:

 Your Spells              Type           Power      Damage    Failure   Level
a - Kiss of Death         Conj/Necr      24%        2d7       13%         1

Your spell library contained the following spells:

 Spells                   Type           Power      Damage    Failure   Level
 Momentum Strike          Conj/Tloc      12%        3d8       21%         2
 Hailstorm                Conj/Ice       6%         3d4       36%         3


Dungeon Overview and Level Annotations

Branches:
Dungeon (1/15)

Altars:
Sif Muna


Innate Abilities, Weirdness & Mutations

You have a beak for a mouth.
You have claws for feet.


Message History

The hobgoblin shouts!
You hit the dart slug. You peck the dart slug.
The dart slug is severely wounded.
The hobgoblin hits you but does no damage.
The goblin hits you with a +0 club. The dart slug launches a dart at you.
The slug dart hits you. The dart slug launches a dart at you.
The slug dart hits you.
You are too injured to fight recklessly!
The hobgoblin attacks as you move away! The hobgoblin closely misses you.
The goblin hits you with a +0 club.
* * * LOW HITPOINT WARNING * * *
The kobold attacks as you move away! The kobold hits you but does no damage.
You aren't carrying any potions.
You completely miss the kobold. You claw the kobold. You peck the kobold.
You kill the kobold!
Sif Muna accepts your kill. The hobgoblin barely misses you.
You hit the hobgoblin but do no damage. You closely miss the hobgoblin.
You peck the hobgoblin.
The hobgoblin is moderately wounded.
The hobgoblin barely misses you. The hobgoblin closely misses you.
You closely miss the hobgoblin. The hobgoblin barely misses you.
The hobgoblin closely misses you.
You hit the hobgoblin but do no damage. The hobgoblin hits you.
* * * LOW HITPOINT WARNING * * *
The hobgoblin barely misses you.
You closely miss the hobgoblin. The hobgoblin barely misses you.
The hobgoblin closely misses you.
You closely miss the hobgoblin. The hobgoblin hits you.
* * * LOW HITPOINT WARNING * * *
The hobgoblin hits you but does no damage.
You hit the hobgoblin but do no damage. The hobgoblin hits you.
* * * LOW HITPOINT WARNING * * *
The hobgoblin closely misses you.
You hit the hobgoblin but do no damage. You claw the hobgoblin.
The hobgoblin is lightly wounded.
The hobgoblin hits you.
You die...

.. #.#...#.#......
...###.##.......#...
.........#.........#
........#..#+...#..#
....................
..)..#..........#.
...$.#.....#....# .
##......#.....###
#..###@g.###..#
#.##(##g##$##.# #
#$.w.w...$#
##...w...##
#.......#
......!....#
###.#...#..##
#.#...#.## #.##?##..


You could see 2 dart slugs and 2 hobgoblins.

Vanquished Creatures
  3 giant cockroaches (D:1)
  A hobgoblin (D:1)
  2 jackals (D:1)
  A frilled lizard (D:1)
  2 kobolds (D:1)
  A rat (D:1)
10 creatures vanquished.

Notes
Turn   | Place    | Note
-------+----------+-------------------------------------------
     0 | D:1      | testman the Tengu Reaver began the quest for the Orb.
     0 | D:1      | Reached XP level 1. HP: 12/12 MP: 4/4
    49 | D:1      | Found a faded altar of an unknown god.
    66 | D:1      | Reached XP level 2. HP: 7/16 MP: 4/6
   145 | D:1      | Prayed at the altar of an unknown god.
   145 | D:1      | Became a worshipper of Sif Muna the Loreminder
   145 | D:1      | Reached * piety under Sif Muna
   176 | D:1      | Slain by a hobgoblin

Illustrated notes

Levels and vault maps discovered:
D:1:      giann_wishing_wells, layout_basic, hellmonk_ecumenical_altar_blasted,
          minmay_misc_feat_secret_circle, minmay_three_crescents

Action                   || total
-------------------------++-------
Melee: Falchion          ||    32
       Kick              ||     6
       Peck              ||     6
 Cast: Kiss of Death     ||     1
 Stab: Sleeping          ||     1
Armor: Leather armour    ||    14
Dodge: Dodged            ||    28

Table legend: (Time is in decaauts)
 A = Elapsed time spent in this place.
 B = Non-inter-level travel time spent in this place.
 C = Inter-level travel time spent in this place.
 D = Time resting spent in this place.
 E = Time spent auto-exploring this place.
 F = Levels seen in this place.
 G = Mean time per level.
                   A        B        C        D        E       F      G
               +--------+--------+--------+--------+--------+-----+--------+
         Total |    179 |    162 |     17 |      8 |     72 |   1 |  179.0 |
       Dungeon |    179 |    162 |     17 |      8 |     72 |   1 |  179.0 |
               +--------+--------+--------+--------+--------+-----+--------+

Top non-repeatable levels by time:
     D:1: 179 daAuts
